 Dungeon Crawl Stone Soup version 0.28-a0-258-g8de209e91f (webtiles) character file.

Game seed: 12855232585829606769

23 senseless the Poker (level 2, 25/25 HPs)
             Began as a Draconian Gladiator on Aug 26, 2021.
             Was a Follower of Fedhas.
             Quit the game on level 1 of the Dungeon.
             The game lasted 00:02:31 (669 turns).

senseless the Poker (Draconian Gladiator)            Turns: 669, Time: 00:02:32

Health: 25/25      AC:  4    Str: 16    XL:     2   Next: 75%
Magic:  2/2        EV: 12    Int:  8    God:    Fedhas [*.....]
Gold:   9          SH:  0    Dex: 12    Spells: 1/1 levels left

rFire   . . .      SeeInvis .   a - +0 trident
rCold   . . .      Faith    .   (no shield)
rNeg    . . .      Spirit   .   (armour unavailable)
rPois   .          Reflect  .   b - +0 hat
rElec   .          Harm     .   (no cloak)
rCorr   .          Rampage  .   (no gloves)
Will    .....                   (no boots)
Stlth   +.........              (no amulet)
HPRegen 0.08/turn               (no ring)
MPRegen 0.08/turn               (no ring)

@: no status effects
A: AC +4, unfitting armour, cold-blooded
a: Renounce Religion


You were on level 1 of the Dungeon.
You worshipped Fedhas.
Fedhas was aware of your devotion.
You visited 1 branch of the dungeon, and saw 1 of its levels.

You collected 9 gold pieces.

Inventory:

Hand Weapons
 a - a +0 trident (weapon)
 d - a +1 dagger of protection
Missiles
 c - 3 throwing nets (quivered)
Armour
 b - a +0 hat (worn)
Scrolls
 f - a scroll of magic mapping {unknown}
 g - a scroll of silence {unknown}
 h - 2 scrolls of summoning {unknown}
 i - a scroll of identify {unknown}
 j - a scroll of enchant armour {unknown}
 k - 3 scrolls of teleportation {unknown}
Potions
 e - a potion of might {unknown}


   Skills:
 + Level 2.4 Fighting
 + Level 3.5 Polearms
 + Level 1.9 Throwing
 + Level 3.0 Dodging


You had one spell level left.
You didn't know any spells.
Your spell library contained the following spells:

 Spells                   Type           Power      Damage    Failure   Level
 Ignite Poison            Fire/Tmut/Pois 0%         N/A       78%         3
 Mephitic Cloud           Conj/Pois/Air  0%         N/A       78%         3
 Bolt of Magma            Conj/Fire/Erth 0%         4d4       100%        5


Dungeon Overview and Level Annotations

Branches:
Dungeon (1/15)

Altars:
Fedhas
Beogh


Innate Abilities, Weirdness & Mutations

Your plain brown scales are hard. (AC +4)
You cannot fit into any form of body armour.
You are cold-blooded and may be slowed by cold attacks.


Message History

The bat misses you.
You reach to attack!
You closely miss the bat.
The bat is severely wounded.
The bat closely misses you.
You closely miss the bat.
The bat is severely wounded.
The bat closely misses you.
You closely miss the bat.
The bat is severely wounded.
The bat misses you. The bat hits you but does no damage.
You closely miss the bat.
The bat is severely wounded.
The bat barely misses you.
You puncture the bat!
You kill the bat!
Found 3 scrolls labelled RAULEDW ETHRULO.
Found a roughly hewn altar of Beogh.
Found 9 gold pieces.
k - 3 scrolls labelled RAULEDW ETHRULO
Found a robe.
Found 26 sling bullets.
You now have 9 gold pieces.
As you open the door, it creaks loudly!
Found a kobold skeleton.
You see here 26 sling bullets.
You open the door.
Found a human skeleton.
You open the door.
Found a stone.
Found a faded altar of an unknown god.
Found a ring mail.
Found a stone staircase leading down.
Search for what [? for help]? .
There is an open door here.
There is a faded altar of an unknown god here.
You see here a stone.
You cannot tell which god this altar belongs to.
Convert to them anyway?
Fedhas accepts your prayer! Fedhas welcomes you!
The plants of the dungeon cease their hostilities.
Are you sure you want to abandon this character and quit the game? (Confirm with "yes".)

### #÷# ####'#### ##....(..##
##.........## #.....[.....#
##### ###....#§#....### ....#
#@'....§_§....'÷# ....#
###....#≈#....### ....##
#......§....# #....######
#####.........##
###.......#####...##.......##
#................##.....### ###
##.........................###..
#.....................⌠....##...
#...............................


There were no monsters in sight!

Vanquished Creatures
  A dart slug (D:1)
  A bat (D:1)
  4 endoplasms (D:1)
  A giant cockroach (D:1)
  4 goblins (D:1)
  A hobgoblin (D:1)
  A kobold (D:1)
  A quokka (D:1)
  A ball python (D:1)
  3 rats (D:1)
18 creatures vanquished.

Notes
Turn   | Place    | Note
-------+----------+-------------------------------------------
     0 | D:1      | senseless the Draconian Gladiator began the quest for the
                  | Orb.
     0 | D:1      | Reached XP level 1. HP: 17/17 MP: 1/1
   300 | D:1      | Reached XP level 2. HP: 23/24 MP: 2/2
   618 | D:1      | Found a faded altar of an unknown god.
   668 | D:1      | Became a worshipper of Fedhas Madash
   668 | D:1      | Reached * piety under Fedhas
   669 | D:1      | Quit the game

Illustrated notes

Levels and vault maps discovered:
D:1:      lightli_arrival_flooded_house, layout_rooms,
          hellmonk_ecumenical_altar_defaced_shrine

Skill      XL: |  1  2 |
---------------+-------+-----
Dodging        | 3 |  3.0
Fighting       | |  2.4
Polearms       | |  3.5
Throwing       | |  1.9

Action                   || total
-------------------------++-------
Melee: Trident           ||    57
Armor: Skin              ||    14
Dodge: Dodged            ||    25

Table legend: (Time is in decaauts)
 A = Elapsed time spent in this place.
 B = Non-inter-level travel time spent in this place.
 C = Inter-level travel time spent in this place.
 D = Time resting spent in this place.
 E = Time spent auto-exploring this place.
 F = Levels seen in this place.
 G = Mean time per level.
                   A        B        C        D        E       F      G
               +--------+--------+--------+--------+--------+-----+--------+
         Total |    680 |    655 |     25 |      0 |    521 |   1 |  680.0 |
       Dungeon |    680 |    655 |     25 |      0 |    521 |   1 |  680.0 |
               +--------+--------+--------+--------+--------+-----+--------+

Top non-repeatable levels by time:
     D:1: 680 daAuts
